 Dungeon Crawl Stone Soup version 0.26-a0-660-gc07710193c (webtiles) character file.

Game seed: 7658180317582878324

138 grandjackal the Ducker (level 5, -6/41 HPs)
             Began as a Demonspawn Gladiator on Oct 5, 2020.
             Mangled by an orc
             ... wielding a +0 trident
              (8 damage)
             ... on level 3 of the Dungeon.
             The game lasted 00:03:14 (2748 turns).

grandjackal the Ducker (Demonspawn Gladiator)       Turns: 2748, Time: 00:03:15

Health: -6/41      AC:  5    Str: 15    XL:     5   Next: 1%
Magic:  0/5        EV: 13    Int: 10    God:
Gold:   159        SH:  0    Dex: 14    Spells: 4/4 levels left

rFire    . . .     SeeInvis .   i - +1 dagger (venom)
rCold    . . .     Faith    .   (no shield)
rNeg     . . .     Spirit   +   b - +0 leather armour
rPois    .         Reflect  .   c - +0 helmet
rElec    .         Harm     .   q - +0 cloak (curse)
rCorr    .         Rampage  .   (no gloves)
MR       +....                  (no boots)
Stlth    ++........             (no amulet)
HPRegen  0.13/turn              e - ring of stealth
MPRegen  0.09/turn              w - ring of protection from magic

@: no status effects
A: claws 1, magic shield
a: no special abilities


You were on level 3 of the Dungeon.
You visited 1 branch of the dungeon, and saw 3 of its levels.

You collected 159 gold pieces.

Inventory:

Hand Weapons
 a - a +0 long sword
 i - a +1 dagger of venom (weapon)
Missiles
 d - 3 throwing nets (quivered)
 g - 31 poisoned darts
Armour
 b - a +0 leather armour (worn)
 c - a +0 helmet (worn)
 q - a cursed +0 cloak (worn)
Jewellery
 e - a ring of stealth (left claw)
 m - an uncursed amulet of faith
 w - a ring of protection from magic (right claw)
Wands
 v - a wand of iceblast (8)
Scrolls
 f - 2 scrolls of identify {unknown}
 n - a scroll of magic mapping {unknown}
 o - 2 scrolls of remove curse {unknown}
 p - a scroll of amnesia {unknown}
 u - a scroll of teleportation {unknown}
Potions
 h - a potion of mutation {unknown}
 j - a potion of heal wounds {unknown}
 k - 2 potions of brilliance {unknown}
 l - a potion of invisibility {unknown}
 r - a potion of cancellation {unknown}
 s - a potion of ambrosia {unknown}
 t - a potion of degeneration {unknown}
 x - a potion of flight {unknown}


   Skills:
 + Level 3.4 Fighting
 - Level 3.1 Long Blades
 - Level 1.7 Throwing
 + Level 3.7 Dodging
 + Level 1.7 Unarmed Combat


You had 4 spell levels left.
You didn't know any spells.
Your spell library was empty.

Dungeon Overview and Level Annotations

Branches:
Dungeon (3/15)

Altars:


Innate Abilities, Weirdness & Mutations

You have sharp fingernails.
When hurt, damage is shared between your health and your magic reserves.


Message History

The orc completely misses you.
The orc hits you from afar with a +0 trident.
* * * LOW HITPOINT WARNING * * *
The orc hits you but does no damage.
There is a stone staircase leading up here.
The orc barely misses you.
You closely miss the orc priest.
The orc priest is moderately wounded.
The orc closely misses you.
You hit the orc priest.
The orc priest looks even sicker.
The orc priest is heavily wounded.
You kill the orc!
You have reached level 5!
The orc priest mumbles some strange prayers to Beogh against you.
You resist with some effort.
You closely miss the orc priest.
The orc priest is severely wounded.
The orc priest barely misses you.
The orc hits you from afar with a +0 trident!
You die...

......## ##.
....#..##.. ###.
..<.#...o.# #.. ##
...........#### #.#
####. ...)....#
....# ##.# #####....
#....#.###
#..####..###.....###
#o.......##
#.@o)#.#....#####
#.#..#
#...#####o....####
#.#)## ....# #†<..##
#.#o#
#...###)[.########
#...#
#...##.#.(...)..#
#.o##
#.....########.#####
#.## ##...## #......
#.# #....####
######. #o#
##.......## #..


You could see an orc priest (very poisoned) and an orc.

Vanquished Creatures
  Ijyb (D:3)
  Terence (D:3)
  2 adders (D:3)
  2 oozes
  A leopard gecko (D:2)
  5 orcs (D:3)
  6 goblins
  8 hobgoblins
  6 jackals
  A quokka (D:2)
  A ball python (D:1)
  5 bats
  4 frilled lizards
  10 kobolds
  3 rats
56 creatures vanquished.

Notes
Turn   | Place    | Note
-------+----------+-------------------------------------------
     0 | D:1      | grandjackal the Demonspawn Gladiator began the quest for
                  | the Orb.
     0 | D:1      | Reached XP level 1. HP: 16/16 MP: 1/1
    15 | D:1      | Noticed an electric eel
   322 | D:1      | Gained mutation: When hurt, damage is shared between your
                  | health and your magic reserves. [demonic ancestry]
   322 | D:1      | Reached XP level 2. HP: 17/22 MP: 2/2
  1015 | D:1      | Gained mutation: You have sharp fingernails. [demonic
                  | ancestry]
  1015 | D:1      | Reached XP level 3. HP: 25/28 MP: 3/3
  1777 | D:3      | Noticed Ijyb
  1800 | D:3      | Killed Ijyb
  1800 | D:3      | Reached skill level 1 in Unarmed Combat
  1800 | D:3      | Reached XP level 4. HP: 10/35 MP: 2/4
  2449 | D:3      | Noticed Terence
  2481 | D:3      | Killed Terence
  2741 | D:3      | HP: 1/35 [orc/+0 trident (4)]
  2747 | D:3      | Reached XP level 5. HP: 2/41 MP: 0/5
  2748 | D:3      | Mangled by an orc

Illustrated notes

Levels and vault maps discovered:
D:1:      arrival_aquarium_a, layout_loops_ring
D:2:      layout_basic
D:3:      layout_rooms, uniq_crazy_yiuf_cottage, uniq_ijyb, uniq_terence

Skill      XL: |  1  2  3 |
---------------+----------+-----
Long Blades    | 3 |  3.1
Dodging        | 3 |  3.7
Fighting       | 3 |  3.4
Unarmed Combat | 1 |  1.7
Throwing       | |  1.7

Action                   |  1- 3 |  4- 6 || total
-------------------------+-------+-------++-------
Melee: Long sword        |   130 |    36 ||   166
       Dagger            |       |    23 ||    23
       Punch             |       |     1 ||     1
 Stab: Sleeping          |     7 |       ||     7
Armor: Leather armour    |    46 |    15 ||    61
Dodge: Dodged            |   107 |    44 ||   151
       Rpst.: Long sword |    29 |    12 ||    41

Table legend: (Time is in decaauts)
 A = Elapsed time spent in this place.
 B = Non-inter-level travel time spent in this place.
 C = Inter-level travel time spent in this place.
 D = Time resting spent in this place.
 E = Time spent auto-exploring this place.
 F = Levels seen in this place.
 G = Mean time per level.
                   A        B        C        D        E       F      G
               +--------+--------+--------+--------+--------+-----+--------+
         Total |   2787 |   2751 |     36 |    769 |   1489 |   3 |  929.0 |
       Dungeon |   2787 |   2751 |     36 |    769 |   1489 |   3 |  929.0 |
               +--------+--------+--------+--------+--------+-----+--------+

Top non-repeatable levels by time:
     D:1: 1208 daAuts
     D:2: 1084 daAuts
     D:3: 493 daAuts
